 Dungeon Crawl Stone Soup version 0.30-a0-652-gcc886f7154 (webtiles) character file.

Game seed: 14810599306806126927

29287 Newt the Markskobold (level 13, -7/80 HPs)
             Began as a Kobold Hunter on Jan 17, 2023.
             Was a High Priest of Kikubaaqudgha.
             Killed from afar by a manticore (26 damage)
             ... with a volley of spikes
             ... summoned by Kirke
             ... on level 3 of the Lair of Beasts.
             The game lasted 00:15:09 (12908 turns).

Newt the Markskobold (Kobold Hunter)               Turns: 12908, Time: 00:15:10

Health: -7/80      AC:  0    Str:  8    XL:     13   Next: 79%
Magic:  22/22      EV: 24    Int: 11    God:    Kikubaaqudgha [*****.]
Gold:   845        SH:  0    Dex: 23    Spells: 16/24 levels left

rFire   . . .      SeeInvis .    (weapon currently unavailable)
rCold   . . .      Faith    .    (shield currently unavailable)
rNeg    . . .      Spirit   .    (body armour currently unavailable)
rPois   .          Reflect  .    (helmet currently unavailable)
rElec   .          Harm     .    (cloak currently unavailable)
rCorr   .          Rampage  .    (gloves currently unavailable)
Will    .....                    (boots currently unavailable)
Stlth   ++++                     r - amulet of magic regeneration
HPRegen 0.33/turn                (ring currently unavailable)
MPRegen 0.58/turn                (ring currently unavailable)

@: pig-form, spiked, slowed
A: fast, no casting, small, no large weapons, nightstalker 3
a: Renounce Religion, Unearth Wretches, Torment


You were on level 3 of the Lair of Beasts.
You worshipped Kikubaaqudgha.
Kikubaaqudgha was extremely pleased with you.
You were a filthy swine.
You visited 2 branches of the dungeon, and saw 13 of its levels.
You also visited: Sewer and Bailey.

You collected 845 gold pieces.

Inventory:

Hand Weapons
 a - a +4 shortbow of freezing (melded)
Missiles
 z - 5 throwing nets
Armour
 c - a +0 leather armour (melded)
 j - a +1 pair of boots (melded)
 x - +0 steam dragon scales
 y - a +2 robe of positive energy
Jewellery
 d - an amulet of regeneration
 f - a ring of protection from cold
 h - a ring of fire
 r - an amulet of magic regeneration (around neck)
 v - an amulet of faith
 H - the ring of Divine Intervention {Int+6 Dex+2}
   (You found it on level 2 of the Lair of Beasts)

   [ring of intelligence]

   Int:       It affects your intelligence (+6).
   Dex:       It affects your dexterity (+2).
Wands
 s - a wand of polymorph (16)
 w - a wand of flame (35)
 E - a wand of digging (7)
Scrolls
 b - 3 scrolls of immolation
 t - a scroll of blinking
 A - 2 scrolls of enchant armour
 D - 2 scrolls of teleportation
 F - a scroll of silence
 G - a scroll of brand weapon
 K - a scroll of butterflies
Potions
 e - 2 potions of magic
 g - 2 potions of ambrosia
 i - 2 potions of degeneration
 k - 4 potions of haste
 m - 3 potions of mutation
 n - 2 potions of invisibility
 o - 2 potions of cancellation
 p - a potion of berserk rage
 q - 3 potions of curing
 u - 2 potions of resistance
 B - a potion of attraction
 I - 3 potions of might
 J - a potion of flight {unknown}


   Skills:
 - Level 9.0 Fighting
 - Level 18.4 Ranged Weapons
 + Level 10.8 Dodging
 - Level 3.0 Stealth
 - Level 6.0 Spellcasting
 - Level 9.9 Necromancy
 - Level 6.0 Evocations


You had 16 spell levels left.
You knew the following spells:

 Your Spells              Type           Power      Damage    Failure   Level
a - Animate Dead          Necr           25%        N/A       3%          4
b - Dispel Undead         Necr           25%        3d12      3%          4

Your spell library contained the following spells:

 Spells                   Type           Power      Damage    Failure   Level
 Necrotise                Necr           100%       1d9       1%          1
 Vampiric Draining        Necr           25%        2d7       1%          3
 Kiss of Death            Conj/Necr      56%        2d9       2%          1
 Scorch                   Fire           6%         2d5       28%         2
 Death Channel            Necr           12%        N/A       45%         6
 Borgnjor's Vile Clutch   Necr/Erth      7%         N/A       56%         5
 Cause Fear               Hex            1%         N/A       88%         4
 Flame Wave               Conj/Fire      3%         2d5       88%         4
 Summon Lightning Spire   Summ/Air       3%         N/A       88%         4
 Simulacrum               Ice/Necr       7%         N/A       98%         6
 Summon Cactus Giant      Summ           1%         N/A       100%        6
 Dragon Form              Tmut           1%         N/A       100%        7
 Storm Form               Tmut/Air       1%         N/A       100%        7
 Maxwell's Capacitive Co  Air            1%         ∞         100%        8
 Dragon's Call            Summ           1%         N/A       100%        9


Dungeon Overview and Level Annotations

Branches:
Dungeon (10/15)            Temple (0/1) D:7            Lair (3/5) D:10
 Shoals (0/4) Lair:2       Spider (0/4) Lair:2          Orc (0/2) D:9
  Sewer (visited)          Bailey (visited)

Altars:
Elyvilon
Kikubaaqudgha
Ru
Sif Muna
Xom

Shops:
D:7 *   D:9 [

Annotations:
D:9 1 runed translucent door
Lair:3 Kirke


Innate Abilities, Weirdness & Mutations

You are a filthy swine.
You move quickly.
Your equipment is almost entirely melded.
You are incapable of wielding weapons or throwing items.
You cannot cast spells.
You are small and have problems with some larger weapons.
You are completely attuned to the shadows.


Message History

Your hog zombie barely misses the blink frog.
You closely miss something. The blink frog hits your hog zombie!!
The blink frog blinks!
The hog barely misses you.
Your blink frog zombie barely misses something.
Something hits you!
The torpor snail bites your blink frog zombie!!
Your blink frog zombie is destroyed!
Your hog zombie bites the blink frog.
The hog attacks as you move away! The hog bites you.
Your hog zombie closely misses the water moccasin.
Your hog zombie barely misses the blink frog.
The blink frog blinks!
The blink frog attacks as you move away!
The blink frog completely misses you. The blink frog hits you.
Something bites your hog zombie.
Your hog zombie is destroyed!
The blink frog misses you.
Your hog zombie bites the water moccasin.
You closely miss the blink frog.
The blink frog is heavily wounded.
The blink frog misses you. The blink frog barely misses you.
The blink frog misses you.
The blink frog blinks!
You hear some strange, mumbled words.
Something summons a manticore!
The blink frog closely misses you.
The blink frog blinks!
The blink frog hits you.
The blink frog blinks!
The blink frog completely misses you.
The manticore flicks its tail.
The volley of spikes hits you!
The barbed spikes become lodged in your body.
* * * LOW HITPOINT WARNING * * *
You hit the blink frog.
The blink frog is severely wounded.
The blink frog closely misses you.
The blink frog blinks!
The manticore flicks its tail.
The volley of spikes hits you!!
The barbed spikes become lodged in your body.
You die...
Kikubaaqudgha rasps: "You have failed me!
Welcome... death!"

............
........#......#.
....Zh..........#.
..h.h§............
#..h.#..h.........
...####S§..#...... #.
##wH#..#...#. .
.P#..§###......
....h#.#P......
....F.###..##..
.....###...##..
......#....#..
..†...............
.....†..............
.....................
......................
................#.....


You could see a torpor snail, a manticore (summoned), a hog, a blink frog and a
water moccasin.

Vanquished Creatures
  An orc warlord (Bailey)
  A hydra (Lair:2)
  Harold (D:9)
  2 two-headed ogres
  Erica (D:10)
  2 black mambas (Lair:1)
  3 komodo dragons
  Psyche (D:8)
  2 hornets
  Grinder (D:3)
  4 dream sheep (Lair:3)
  A blink frog (Lair:3)
  A wraith (D:10)
  2 hogs (Lair:3)
  7 yaks
  A steam dragon (D:9)
  3 redbacks (Lair:2)
  6 water moccasins
  A sky beast (D:8)
  A black bear (D:8)
  2 ice beasts
  15 orc warriors
  2 ogres (D:5)
  7 centaurs
  3 kobold brigands
  2 phantoms
  A komodo dragon zombie (Lair:2)
  5 bullfrogs
  12 scorpions
  12 wights
  8 killer bees
  A hound (D:6)
  A jelly (D:7)
  8 orc priests
  Terence (D:2)
  2 iguanas
  8 orc wizards
  Robin (D:2)
  4 gnolls (Bailey)
  11 adders
  4 river rats (Sewer)
  3 white imps
  An ufetubus (D:5)
  2 worms (D:3)
  4 dart slugs
  40 orcs
  4 bats
  An endoplasm (D:4)
  5 giant cockroaches
  35 goblins
  21 hobgoblins
  2 jackals (D:3)
  3 quokkas
  13 ball pythons
  3 frilled lizards
  29 kobolds
  17 rats
  A butterfly (D:9)
336 creatures vanquished.

Vanquished Creatures (collateral kills)
  A blink frog (Lair:3)
  A snapping turtle (Lair:2)
  2 yaks (Lair:2)
  A hog (Lair:3)
5 creatures vanquished.

Vanquished Creatures (others)
  A blink frog zombie (Lair:3)
  2 hog zombies (Lair:3)
  A yak zombie (Lair:2)
  5 fungi
  6 plants
15 creatures vanquished.

Grand Total: 356 creatures vanquished

Notes
Turn   | Place    | Note
-------+----------+-------------------------------------------
     0 | D:1      | Newt the Kobold Hunter began the quest for the Orb.
     0 | D:1      | Reached XP level 1. HP: 12/12 MP: 1/1
   166 | D:1      | Reached XP level 2. HP: 17/17 MP: 2/2
   356 | D:1      | Reached XP level 3. HP: 22/22 MP: 3/3
   765 | D:2      | Noticed Terence
   777 | D:2      | Killed Terence
   778 | D:2      | Reached XP level 4. HP: 24/29 MP: 4/4
  1091 | D:2      | Noticed Robin
  1095 | D:2      | Killed Robin
  1096 | D:2      | Reached XP level 5. HP: 34/34 MP: 5/5
  1338 | D:3      | Reached skill level 5 in Fighting
  1426 | D:3      | Noticed Grinder
  1426 | D:3      | Paralysed by Grinder for 2 turns
  1449 | D:3      | Killed Grinder
  1450 | D:3      | Reached skill level 7 in Ranged Weapons
  1450 | D:3      | Reached XP level 6. HP: 18/40 MP: 6/6
  1478 | D:3      | Found a glowing drain.
  1496 | D:3      | Reached skill level 8 in Ranged Weapons
  1502 | Sewer    | Entered a sewer
  1647 | Sewer    | Reached XP level 7. HP: 42/44 MP: 7/7
  1694 | Sewer    | Reached skill level 9 in Ranged Weapons
  2319 | D:3      | Found a faded altar of an unknown god.
  2462 | D:3      | Prayed at the altar of an unknown god.
  2462 | D:3      | Became a worshipper of Kikubaaqudgha
  2462 | D:3      | Reached * piety under Kikubaaqudgha
  2462 | D:3      | Received a gift from Kikubaaqudgha
  2489 | D:4      | Reached skill level 5 in Dodging
  2902 | D:4      | Reached skill level 1 in Spellcasting
  3244 | D:4      | Reached XP level 8. HP: 49/49 MP: 9/9
  3262 | D:5      | Entered Level 5 of the Dungeon
  4283 | D:5      | Reached skill level 5 in Spellcasting
  4607 | D:6      | Found a sacrificial altar of Ru.
  4675 | D:6      | Reached ** piety under Kikubaaqudgha
  4739 | D:6      | Reached XP level 9. HP: 33/54 MP: 18/18
  5217 | D:6      | Reached skill level 10 in Ranged Weapons
  5433 | D:7      | Reached skill level 11 in Ranged Weapons
  5927 | D:7      | Reached skill level 18 in Ranged Weapons
  5927 | D:7      | Reached XP level 10. HP: 59/59 MP: 19/19
  6039 | D:7      | Found Atoifeh's Overcharged Wands.
  6211 | D:7      | Found a white marble altar of Elyvilon.
  6445 | D:7      | Found a staircase to the Ecumenical Temple.
  7169 | D:8      | Found a shimmering altar of Xom.
  7300 | D:8      | Noticed Psyche
  7306 | D:8      | Killed Psyche
  7492 | D:9      | Reached *** piety under Kikubaaqudgha
  7492 | D:9      | Received a gift from Kikubaaqudgha
  7541 | D:9      | Reached XP level 11. HP: 48/63 MP: 20/20
  7702 | D:9      | Noticed a two-headed ogre
  7715 | D:9      | Killed a two-headed ogre
  7894 | D:9      | Found a runed translucent door.
  8106 | D:9      | Found Aplikhloph's Armour Emporium.
  8124 | D:9      | Found a shimmering blue altar of Sif Muna.
  8371 | D:9      | Noticed Harold
  8382 | D:9      | Killed Harold
  8383 | D:9      | Reached skill level 10 in Dodging
  8470 | D:9      | Found a staircase to the Orcish Mines.
  8554 | D:9      | Found a runed translucent door.
  8909 | D:5      | Reached **** piety under Kikubaaqudgha
  9092 | D:10     | Entered Level 10 of the Dungeon
  9108 | D:10     | Noticed a two-headed ogre
  9117 | D:10     | Killed a two-headed ogre
  9136 | D:10     | Found a flagged portal.
  9150 | Bailey   | Entered a bailey
  9473 | Bailey   | Noticed an orc warlord
  9477 | Bailey   | Reached ***** piety under Kikubaaqudgha
  9510 | Bailey   | Killed an orc warlord
  9511 | Bailey   | Reached XP level 12. HP: 31/76 MP: 21/21
  9661 | D:10     | Noticed Erica
  9667 | D:10     | Killed Erica
  9731 | D:10     | Found a staircase to the Lair.
 10157 | D:10     | Reached skill level 5 in Evocations
 10684 | D:10     | Reached skill level 1 in Necromancy
 10688 | Lair:1   | Entered Level 1 of the Lair of Beasts
 10694 | Lair:1   | Learned a level 4 spell: Animate Dead
 11638 | Lair:2   | Noticed a six-headed hydra
 11645 | Lair:2   | Killed a six-headed hydra
 11796 | Lair:2   | Identified the ring of Divine Intervention {Int+6 Dex+2}
 11918 | Lair:2   | Reached skill level 5 in Necromancy
 12063 | Lair:2   | Found a hole to the Spider Nest.
 12214 | Lair:2   | Found a staircase to the Shoals.
 12244 | Lair:2   | Reached XP level 13. HP: 22/80 MP: 22/22
 12424 | Lair:2   | Learned a level 4 spell: Dispel Undead
 12881 | Lair:3   | Noticed Kirke
 12908 | Lair:3   | Killed from afar by a manticore

Illustrated notes

Levels and vault maps discovered:
D:1:      dpeg_arrival_tiny_g, layout_loops_ring, corexii_leaking_fountain,
          serial_park_tiny_pond, kennysheep_another_room
D:2:      layout_basic, uniq_robin, uniq_terence
D:3:      layout_basic, cheibrodos_sewer_entry_bend,
          ebering_ecumenical_altar_ruins, uniq_grinder
D:4:      layout_basic
D:5:      layout_gridville
D:6:      layout_loops_corners, mainiacjoe_overflow_24_doors
D:7:      layout_layer_cave, mainiacjoe_overflow_catwalk,
          minmay_temple_entry_antechambers, nicolae_shop_overcharged_wands
D:8:      layout_basic, mainiacjoe_overflow_chevrons, uniq_psyche
D:9:      lemuel_insect_pit, layout_basic, overflow_temple_1_default,
          erik_orc_2, serial_shops, shop, uniq_harold
D:10:     layout_cave_pools, david_lair_shrubbed, enter_bailey_3, uniq_erica
Lair:1:   layout_cave_pods
Lair:2:   layout_loops_ring, minmay_shoals_entry_hut, spider_nest_entry_webs,
          infiniplex_staircase_pool_2, grunt_megastairs_3
Lair:3:   layout_layer_cave, uniq_kirke, uniq_josephine

Skill      XL: |  1  2  3  4  5  6  7  8  9 10 11 12 |
---------------+-------------------------------------+-----
Stealth        | 2 3 |  3.0
Fighting       | 4 5 9 |  9.0
Ranged Weapons | 7 8 9 18 | 18.4
Dodging        | 5 7 10 | 10.8
Spellcasting   | 1 6 |  6.0
Evocations     | 2 6 |  6.0
Necromancy     | 9 |  9.9

Action                   |  1- 3 |  4- 6 |  7- 9 | 10-12 | 13-15 || total
-------------------------+-------+-------+-------+-------+-------++-------
Melee: Unarmed           |       |       |       |       |     4 ||     4
 Fire: Shortbow          |    52 |   119 |   285 |   594 |    54 ||  1104
 Cast: Animate Dead      |       |       |       |     1 |     1 ||     2
Invok: Torment           |       |       |       |     1 |       ||     1
  Use: Scroll            |     3 |     3 |    14 |    15 |       ||    35
       Potion            |       |     1 |     2 |     4 |       ||     7
Armor: Leather armour    |     3 |    15 |    48 |    21 |     1 ||    88
Dodge: Dodged            |    12 |    53 |   198 |   314 |    31 ||   608

Table legend: (Time is in decaauts)
 A = Elapsed time spent in this place.
 B = Non-inter-level travel time spent in this place.
 C = Inter-level travel time spent in this place.
 D = Time resting spent in this place.
 E = Time spent auto-exploring this place.
 F = Levels seen in this place.
 G = Mean time per level.
                   A        B        C        D        E       F      G
               +--------+--------+--------+--------+--------+-----+--------+
         Total |  12876 |  12228 |    648 |   1041 |   9335 |  15 |  858.4 |
       Dungeon |   9799 |   9201 |    598 |    773 |   7105 |  10 |  979.9 |
          Lair |   2206 |   2157 |     49 |    268 |   1669 |   3 |  735.3 |
         Sewer |    453 |    453 |      0 |      0 |    293 |   1 |  453.0 |
        Bailey |    417 |    417 |      0 |      0 |    267 |   1 |  417.0 |
               +--------+--------+--------+--------+--------+-----+--------+

Top non-repeatable levels by time:
     D:7: 1403 daAuts
  Lair:2: 1172 daAuts
    D:10: 1150 daAuts
     D:5: 1145 daAuts
     D:6: 1126 daAuts
     D:9: 1099 daAuts
     D:8: 948 daAuts
  Lair:1: 892 daAuts
     D:4: 805 daAuts
     D:3: 741 daAuts
     D:1: 718 daAuts
     D:2: 659 daAuts
   Sewer: 453 daAuts
  Bailey: 417 daAuts
  Lair:3: 140 daAuts
